 Dungeon Crawl Stone Soup version 0.24.0-37-gcf1ca852f1 (webtiles) character file.

Game seed: 15495578193970630584, levelgen mode: deterministic

1591 Belius the Covered (level 9, -7/71 HPs)
             Began as a Formicid Abyssal Knight on Dec 5, 2019.
             Was an Elder of Lugonu.
             Killed from afar by Harold (18 damage)
             ... with a harpoon shot
             ... on level 10 of the Dungeon.
             The game lasted 00:27:33 (8817 turns).

Belius the Covered (Formicid Abyssal Knight)        Turns: 8817, Time: 00:27:33

Health: -7/71      AC: 23    Str: 24    XL:     9   Next: 15%
Magic:  5/11       EV:  8    Int: 12    God:    Lugonu [****..]
Gold:   332        SH:  0    Dex: 11    Spells: 8/8 levels left

rFire    . . .     SeeInvis +   a - +1 falchion
rCold    + . .     Gourm    .   (no shield)
rNeg     + + .     Faith    .   l - +0 plate armour "Oronn" {rElec rC+ rN++ Str+2}
rPois    .         Spirit   .   (helmet unavailable)
rElec    +         Reflect  .   r - +3 cloak "Ible" {Str+3}
rCorr    .         Harm     .   (no gloves)
MR       .....                  s - +0 pair of boots
Stlth    ..........             (no amulet)
HPRegen  0.21/turn              h - +4 ring of protection
MPRegen  0.12/turn              i - ring of stealth

@: very slightly contaminated, invisible (expiring)
A: permanent stasis, dig shafts and tunnels, four strong arms, antennae 3
a: Dig, Shaft Self, Depart the Abyss, Bend Space, Banish, Corrupt, Renounce
Religion


You were on level 10 of the Dungeon.
You worshipped Lugonu.
Lugonu was greatly pleased with you.
You were not hungry.

You visited 1 branch of the dungeon, and saw 12 of its levels.
You visited the Abyss 1 time.
You also visited: Sewer.

You collected 455 gold pieces.
You spent 123 gold pieces at shops.

Inventory:

Hand Weapons
 a - a +1 falchion (weapon)
 f - a +1 dagger of draining
Armour
 l - the +0 plate armour "Oronn" (worn) {rElec rC+ rN++ Str+2}
   (You found it on level 4 of the Dungeon)

   It affects your strength (+2).
   It protects you from cold.
   It insulates you from electricity.
   It greatly protects you from negative energy.
 o - a scarf of repulsion
 r - the +3 cloak "Ible" (worn) {Str+3}
   (You found it on level 8 of the Dungeon)

   It affects your strength (+3).
 s - a +0 pair of boots (worn)
Jewellery
 h - a +4 ring of protection (left hand)
 i - a ring of stealth (right hand)
 t - an uncursed ring of ice {unknown}
Scrolls
 j - 2 scrolls of enchant weapon
 k - a scroll of enchant armour {unknown}
 m - 3 scrolls of remove curse
 n - a scroll of random uselessness {unknown}
 u - a scroll of amnesia {unknown}
 v - a scroll of holy word
 w - a scroll of noise {unknown}
Potions
 d - a potion of resistance
 e - a potion of flight
 g - 5 potions of lignification
 p - a potion of degeneration {unknown}
 q - 3 potions of mutation
Comestibles
 c - 10 rations
 x - a chunk of flesh


   Skills:
 + Level 6.6 Fighting
 + Level 5.2 Long Blades
 + Level 7.6 Armour
 + Level 3.8 Dodging
 + Level 1.2 Stealth
 + Level 3.0 Invocations


You had 8 spell levels left.
You didn't know any spells.
Your spell library contained the following spells:

 Spells                   Type           Power        Failure   Level  Hunger
 Confusing Touch          Hex            #.....       99%         1    ##.....
 Confuse                  Hex            #.......     100%        3    ####...
 Gell's Gravitas          Tloc           #.........   100%        3    ####...
 Petrify                  Tmut/Erth      #.......     100%        4    #####..
 Metabolic Englaciation   Hex/Ice        #.........   100%        5    ######.
 Yara's Violent Unravell  Hex/Tmut       #.........   100%        5    ######.


Dungeon Overview and Level Annotations

Branches:
Dungeon (12/15)            Temple (0/1) D:6           Sewer (visited)
   Lair: D:8-11         Orc: D:9-12

Altars:
Gozag
Kikubaaqudgha
Sif Muna
Vehumet
Xom

Shops:
D:5 }%!?[   D:6 =

Annotations:
D:10 Harold
D:12 3 runed translucent doors, Mocet's ghost, journeyman GnVM


Innate Abilities, Weirdness & Mutations

You cannot be hasted, slowed, berserked, paralysed or teleported.
You can dig through walls and to a lower floor.
Your four strong arms can wield two-handed weapons with a shield.
You have a pair of large antennae on your head. (SInv)


Message History

The orc priest looks encouraged for a moment.
The orc priest mumbles some strange prayers to Beogh against something.
The orc warrior struggles to resist.
The orc warrior shouts!
You see here a potion of resistance.
The quokka twitches its whiskers.
Found 3 scrolls labeled FIONAJE PINI.
Harold the Weathered comes into view.
He is wielding a +0 antimagic battleaxe.
Harold moves out of view.
Harold shouts!
Found a stone staircase leading up.
Harold shouts!
You flicker for a moment.
Harold hits you with a +0 antimagic battleaxe!
* * * LOW HITPOINT WARNING * * *
You feel your power leaking away.
Found a ration.
Harold gestures at something while chanting.
The harpoon shot hits you!!
You die...

#......##.# #..# .....
#...o..##.# #..##...#
#.....o##.# #.......#
#......##.####.......#
#.###..##...r........#
#. #{{##.{##.o......#
# #.!##..##..@.....#
#..o.{.##........# #
#..##..##..@.....#
##.#
#..##..##........#
...#
#####..##........#
##.# #?.##..<.....# #
##.##........#
.##.....%.... {
.##..........
#........##


You could see Harold, an orc warrior and a quokka.

Vanquished Creatures
  Purgy (Sewer)
  A phantom (D:5)
  2 centaurs
  4 ogres
  3 scorpions
  A howler monkey (D:5)
  2 crimson imps
  A centaur zombie (D:5)
  A jelly (D:8)
  4 hounds
  3 orc wizards (D:6)
  A bullfrog skeleton (D:4)
  An orc priest (D:4)
  Natasha (thrice) (D:3)
  2 worker ants
  3 hound zombies
  6 adders
  A river rat (D:10)
  3 oozes
  An adder skeleton (D:9)
  3 worms
  A dart slug (D:1)
  2 leopard geckos (D:2)
  2 orcs (D:3)
  8 giant cockroaches
  7 goblins
  5 hobgoblins
  13 jackals
  6 quokkas
  2 ball pythons
  6 bats
  A frilled lizard (D:5)
  11 kobolds
  11 rats
122 creatures vanquished.

Vanquished Creatures (others)
  A plant (D:12)
1 creature vanquished.

Grand Total: 123 creatures vanquished

Notes
Turn   | Place    | Note
-------+----------+-------------------------------------------
     0 | Abyss:1  | Belius the Formicid Abyssal Knight began the quest for the
                  | Orb.
     0 | Abyss:1  | Reached XP level 1. HP: 18/18 MP: 2/2
    53 | Abyss:1  | Noticed a ynoxinul
    58 | D:1      | Escaped the Abyss
    85 | D:1      | Noticed a naga
    89 | D:1      | Noticed an octopode
    89 | D:1      | Noticed a tengu
    91 | D:1      | Noticed a human
    91 | D:1      | Noticed a vampire
    93 | D:1      | Noticed an ogre
    93 | D:1      | Noticed a troll
    95 | D:1      | Noticed a vine stalker
    95 | D:1      | Noticed a draconian
    97 | D:1      | Noticed a dwarf
    97 | D:1      | Noticed a centaur
    99 | D:1      | Noticed a minotaur
    99 | D:1      | Noticed a gargoyle
   101 | D:1      | Noticed a felid
   101 | D:1      | Noticed a halfling
   103 | D:1      | Noticed a merfolk
   105 | D:1      | Noticed a demonspawn
   105 | D:1      | Noticed a ghoul
   107 | D:1      | Noticed a spriggan
   107 | D:1      | Noticed a demigod
   109 | D:1      | Noticed a formicid
   109 | D:1      | Noticed an elf
   475 | D:1      | Reached XP level 2. HP: 24/24 MP: 3/3
   538 | D:1      | Reached skill level 1 in Dodging
   621 | D:1      | Reached XP level 3. HP: 24/30 MP: 4/4
  1184 | D:2      | Reached ** piety under Lugonu
  1439 | D:2      | Reached XP level 4. HP: 27/37 MP: 5/5
  1581 | D:2      | Found a shimmering altar of Xom.
  1807 | D:2      | You fall into a shaft and drop 1 floor!
  1824 | D:3      | Reached skill level 3 in Armour
  2135 | D:3      | Found an opulent altar of Gozag.
  2141 | D:3      | Found a glowing drain.
  2150 | Sewer    | Entered a sewer
  2249 | Sewer    | Noticed Purgy
  2297 | Sewer    | Killed Purgy
  2297 | Sewer    | Reached skill level 4 in Armour
  2297 | Sewer    | Reached XP level 5. HP: 43/43 MP: 7/7
  2297 | Sewer    | Reached XP level 6. HP: 49/49 MP: 8/8
  2696 | D:3      | Noticed Natasha
  2709 | D:3      | Killed Natasha
  2936 | D:3      | Reached *** piety under Lugonu
  2985 | D:3      | Noticed Natasha
  2996 | D:3      | Killed Natasha
  3034 | D:3      | Noticed Natasha
  3048 | D:3      | Killed Natasha
  3048 | D:3      | Reached skill level 5 in Fighting
  3379 | D:4      | Got a shimmering plate armour
  3396 | D:4      | Identified the +0 plate armour "Oronn" {rElec rC+ rN++
                  | Str+2} (You found it on level 4 of the Dungeon)
  3438 | D:4      | Reached XP level 7. HP: 56/56 MP: 9/9
  4093 | D:5      | Entered Level 5 of the Dungeon
  4146 | D:5      | Reached skill level 5 in Armour
  4647 | D:5      | Found Oxzu's Gadget Boutique.
  4826 | D:5      | Reached XP level 8. HP: 41/64 MP: 10/10
  4999 | D:5      | Found Becuviod's Magic Scroll Shop.
  5049 | D:5      | Bought a scroll of identify for 30 gold pieces
  5049 | D:5      | Bought a scroll of remove curse for 45 gold pieces
  5064 | D:5      | Reached skill level 6 in Armour
  5064 | D:5      | Reached skill level 1 in Stealth
  5128 | D:5      | Found Faeqet's Armour Boutique.
  5204 | D:5      | You fall into a shaft and drop 1 floor!
  5318 | D:6      | Found a radiant altar of Vehumet.
  5339 | D:6      | Found an ancient bone altar of Kikubaaqudgha.
  5390 | D:6      | Found a shimmering blue altar of Sif Muna.
  5505 | D:6      | Found Vedwuxu's Jewellery Shop.
  5656 | D:5      | Found Kopao's Distillery.
  5657 | D:5      | Found Rydwip's Food Shoppe.
  6028 | D:5      | Bought a potion of might for 48 gold pieces
  6446 | D:6      | Found a staircase to the Ecumenical Temple.
  7230 | D:6      | Reached skill level 7 in Armour
  7397 | D:6      | Reached XP level 9. HP: 71/71 MP: 11/11
  7406 | D:6      | Reached skill level 5 in Long Blades
  7641 | D:6      | You fall into a shaft and drop 1 floor!
  7651 | D:7      | You fall into a shaft and drop 2 floors!
  7744 | D:9      | Noticed a hippogriff
  8100 | D:8      | Got a translucent cloak
  8109 | D:8      | Identified the +3 cloak "Ible" {Str+3} (You found it on
                  | level 8 of the Dungeon)
  8133 | D:8      | Noticed a two-headed ogre
  8137 | D:8      | You fall into a shaft and drop 3 floors!
  8137 | D:11     | Noticed a two-headed ogre
  8202 | D:11     | Noticed a cyclops
  8238 | D:12     | Found a runed translucent gate.
  8238 | D:12     | Found a runed translucent gate.
  8238 | D:12     | Found a runed translucent gate.
  8238 | D:12     | Noticed Mocet's ghost (journeyman GnVM)
  8242 | D:12     | Noticed an 11-headed hydra
  8357 | D:10     | Entered Level 10 of the Dungeon
  8737 | D:10     | Reached **** piety under Lugonu
  8811 | D:10     | Noticed Harold
  8817 | D:10     | Killed from afar by Harold

Levels and vault maps discovered:
D:1:      kb_arrival_jail, layout_basic, minmay_hexomino_f4
D:2:      layout_basic, lemuel_coloured_pillars_altar,
          gammafunk_temple_overflow_arena
D:3:      layout_loops_ring, overflow_temple_1_default, first_ration,
          portal_sewer_entry_d, uniq_natasha
D:4:      layout_loops_ring, hangedman_decor_clover_reticule, st_stairs_10,
          lightli_corner_chamber
D:5:      minmay_skewed_foursquare, layout_basic, serial_shops, shop_coins,
          shop_fountains, shop, shop, shop
D:6:      layout_loops_corners, palyth_temple_overflow_mages,
          minmay_temple_entry_drinking_statues, serial_shops,
          nicolae_shop_crystal
D:7:      layout_cave_pools, fedhas_altar_3, serial_glass, glass_columns_a,
          glass_columns_a, minmay_fire_ice_demons
D:8:      layout_loops_corners, lemuel_doored_altar
D:9:      layout_stronghold, elyvilon_altar_3
D:10:     layout_long_grid, dpeg_lair_monsters, david_orc_4,
          gammafunk_ghost_hydra_chop, uniq_harold
D:11:     layout_irregular_city
D:12:     layout_long_grid, gammafunk_ghost_hydra_chop

Skill      XL: |  1  2  3  4  5  6  7  8  9 |
---------------+----------------------------+-----
Dodging        | 1 2 3 |  3.8
Fighting       | 4 5 6 |  6.6
Armour         | 4 5 7 |  7.6
Stealth        | 1 |  1.2
Long Blades    | 4 5 |  5.2
Invocations    | 3 |  3.0

Action                   |  1- 3 |  4- 6 |  7- 9 || total
-------------------------+-------+-------+-------++-------
Melee: Falchion          |    19 |       |   264 ||   283
       Dagger            |    95 |   213 |   232 ||   540
Invok: Bend Space        |       |       |     9 ||     9
 Abil: Shaft Self        |       |       |     4 ||     4
  Use: Potion            |       |     4 |     8 ||    12
       Scroll            |       |     5 |     7 ||    12
  Eat: Chunk             |     1 |     7 |     6 ||    14
       Ration            |       |       |     4 ||     4
Armor: Leather armour    |    14 |       |       ||    14
       Ring mail         |    17 |    58 |       ||    75
       Skin              |       |    64 |       ||    64
       Scale mail        |       |    17 |       ||    17
       Plate armour      |       |     4 |   329 ||   333
Dodge: Dodged            |    51 |   141 |   162 ||   354
       Rpst.: Falchion   |     3 |       |    34 ||    37
